AoeStats
← Rafelso

Arabia

508273000Analyzed
1v1 RM · 12d ago on Sep 21, 2026· 14m 27s· 2 players
Game mode
Random Map
Map size
Tiny (2 player)
Population
200
Speed
Normal
Resources
Standard
Victory
Conquest
Starting age
Dark Age
Ending age
Imperial Age
RankedLock teamsTeams togetherTeam positionsShared explorationLock speedFull tech treeHidden civsTurbo modeCheats
Victory
Defeat
🇹🇷 Malians · Türkiye
1730
+17
🇫🇷 Armenians · France
1754
-17
diyojen
6:24 Loom
8:49 Feudal Age
8:53 Man-at-Arms
12:43 Double-Bit Axe
13:17 Fletching
Rafelso
6:21 Loom
9:33 Feudal Age
9:40 Man-at-Arms
11:27 Double-Bit Axe
Connection lost

Rejoining the realm…

Still unreachable

The connection could not be restored.

Session expired

The server has moved on; the page needs a fresh start.